 Dungeon Sprint DCSS version 0.31-a0-981-geadf994542 (webtiles) character file.

Game seed: 4598010606706337473

1712 Conn the Destroyer (level 9, -5/51 HPs)
             Began as an Octopode Fire Elementalist on Nov 1, 2023.
             Was a Believer of Sif Muna.
             Killed from afar by a death drake (19 damage)
             ... with a foul vapour
             ... in the Dungeon (Sprint II: "The Violet Keep of Menkaure").
             The game lasted 00:04:34 (396 turns).

Conn the Destroyer (Octopode Fire Elementalist)      Turns: 396, Time: 00:04:35

Health: -5/51      AC:  1    Str: 10    XL:     9   Next: 4%
Magic:  4/23       EV: 15    Int: 22    God:    Sif Muna [**....]
Gold:   98         SH:  0    Dex:  9    Spells: 19/29 levels left

rFire   . . .        e - +3 dagger of the Aged Queens {pain, rPois rCorr Str+3 Dex-3}
rCold   . . .        (no shield)
rNeg    . . .        (helmet restricted)
rPois   +            (no amulet)
rElec   .            (no ring)
rCorr   +            (no ring)
SInv    .            (no ring)
Will    .....        (no ring)
Stlth   ++++         (no ring)
HPRegen 0.28/turn    (no ring)
MPRegen 0.18/turn    (no ring)
                     (no ring)

%: no teleportation
@: slowed, very slow
A: almost no armour, amphibious, 8 rings, camouflage 1, gelatinous body 1,
nimble swimmer 1, tentacles
a: Renounce Religion, Channel Magic


You were in the Dungeon.
You worshipped Sif Muna.
Sif Muna was pleased with you.
You visited 1 branch You collected 324 gold pieces.
You spent 226 gold pieces at shops.

Inventory:

Hand Weapons
 e - the +3 dagger of the Aged Queens (weapon) {pain, rPois rCorr Str+3 Dex-3}
   (You bought it in a shop in the Dungeon)

   Str+3:     It affects your strength (+3).
   Dex-3:     It affects your dexterity (-3).
   rPois:     It protects you from poison rCorr: It protects you from acid and
   corrosion.
Scrolls
 f - a scroll of blinking
Potions
 a - 2 potions of magic


   Skills:
 + Level 8.1 Dodging
 - Level 2.6 Stealth
 * Level 10.8 Spellcasting
 * Level 11.5 Conjurations
 * Level 0.9 Hexes
 + Level 8.5 Fire Magic
 * Level 1.0 Invocations


You had 19 spell levels left.
You knew the following spells:

 Your Spells              Type           Power      Damage    Failure   Level
a - Foxfire               Conj/Fire      100%       2x1d9     1%          1
b - Scorch                Fire           98%        2d9       1%          2
c - Inner Flame           Hex/Fire       32%        N/A       2%          3
d - Flame Wave            Conj/Fire      54%        2d13      1%          4

Your spell library contained the following spells:

 Spells                   Type           Power      Damage    Failure   Level
 Volatile Blastmotes      Fire/Tloc      60%        2d15      3%          3


Dungeon Overview and Level Annotations

Branches:
Dungeon (1/1)

Altars:
Cheibriados
Dithmenos
Elyvilon
Fedhas
Gozag
Hepliaklqana
Kikubaaqudgha
Makhleb
Nemelex Xobeh
Okawaru
Qazlal
Ru
Sif Muna
Trog
Uskayaw
Vehumet
Wu Jian
Xom
Yredelemnul
Zin
The Shining One
Jiyva
Lugonu

Shops:
D :=:[![=!=!:*(?[

Annotations:
D exclusion: oklob plant


Innate Abilities, Weirdness & Mutations

You cannot wear most types of armour.
You are amphibious.
You can wear up to eight rings at the same time.
Your skin changes colour to match your surroundings (Stealth+).
Your rubbery body absorbs attacks. (AC +1, EV +1)
You are camouflaged when in or above water. (Stealth+)
You have tentacles for arms and can constrict up to eight enemies at once.


Message History

Flame seeps out of the death drake.
The death drake is engulfed in blazing flames.
Flame seeps out of the death drake.
The death drake breathes miasma at you. The foul vapour engulfs you!
* * * LOW HITPOINT WARNING * * *
Unknown command.
Unknown command.
Unknown command.
You feel better.
The death drake is engulfed in blazing flames.
Flame seeps out of the death drake.
The swamp drake breathes poison at you.
The noxious blast engulfs the death drake but does no damage.
The death drake is poisoned.
The death drake misses you. The death drake breathes miasma at you.
The foul vapour misses you.
You feel much better.
Flame seeps out of the death drake.
The death drake misses you. The death drake bites you!
Casting: Scorch (safe; 1% risk of failure)
Confirm with . or Enter, or press ? or * to list all spells.
You conjure some foxfire!
Flame seeps out of the death drake.
The death drake closely misses you.
Unknown command.
Your foxfire dissipates!
The death drake is no longer more vulnerable to fire.
The foxfire hits the death drake but does no damage.
The death drake is severely wounded.
The death drake completely misses you.
Unknown command.
Casting: Foxfire (safe; 1% risk of failure)
Confirm with . or Enter, or press ? or * to list all spells.
You conjure some foxfire!
Flame seeps out of the death drake.
The death drake misses you.
The death drake is engulfed in blazing flames.
Flame seeps out of the death drake.
The death drake bites you!
* * * LOW HITPOINT WARNING * * *
The death drake breathes miasma at you. The foul vapour engulfs you!!
You feel yourself slow down.
You die...

## +.##. # .. ...#### # ..#
#..##.# [([ ###+# #..#
+..#..#▓?$!() .##.## #..#
#.§#..#▓?)[?! #†.<.+
+.§####^.##.#▓?$$=?? .##.##
#.§..###...##▓▓▓▓▓▓▓ ###+#
##......kkk~~~~~~~~~~ #
###§~.....@#'########+### #
#~~§~~~~.vv#†._.....#~~§## ##
##~~~§~§§~.~#._._....#~~§≈#
~##+##~~~≈≈≈§~~~~#_._._...#S~§§≈
~~~~~~~~~~≈§§§~~~#._._._..#S§§≈≈
+++#+++#~≈≈§§§§≈~#_._._._.#~~§§~


S≈SSS ##§§§###≈≈#._._._._#§§~§§ ≈≈S§≈≈§≈##≈≈# #§§#_._._._.#~§≈≈≈ ≈≈S§§≈≈≈≈+≈§#
#≈≈#..._._._#§≈§≈▓ You could see 2 death drakes and a swamp drake.

Vanquished Creatures
  A yaktaur (D)
  3 polar bears (D)
  A hornet (D)
  Menkaure (D)
  2 water moccasins (D)
  A swamp drake (D)
  4 necrophages (D)
13 creatures vanquished.

Vanquished Creatures (others)
  12 foxfires (D)
12 creatures vanquished.

Grand Total: 25 creatures vanquished

Notes
Turn   | Place    | Note
-------+----------+-------------------------------------------
     0 | D        | Conn the Octopode Fire Elementalist began the quest for the
                  | Orb.
     0 | D        | Reached XP level 1. HP: 11/11 MP: 3/3
     1 | D        | Noticed a necrophage
     1 | D        | Noticed a necrophage
     1 | D        | Noticed a necrophage
     1 | D        | Noticed a necrophage
     6 | D        | Killed a necrophage
     7 | D        | Reached skill level 4 in Conjurations
     7 | D        | Reached XP level 2. HP: 17/17 MP: 4/7
     7 | D        | Reached XP level 3. HP: 21/21 MP: 4/8
     7 | D        | Reached XP level 4. HP: 27/27 MP: 5/10
     9 | D        | Killed a necrophage
    10 | D        | Reached skill level 5 in Spellcasting
    10 | D        | Reached skill level 5 in Conjurations
    10 | D        | Reached XP level 5. HP: 31/31 MP: 5/12
    15 | D        | Reached skill level 6 in Conjurations
    15 | D        | Reached skill level 5 in Fire Magic
    21 | D        | Reached skill level 5 in Dodging
    21 | D        | Reached skill level 7 in Conjurations
    21 | D        | Reached XP level 6. HP: 27/36 MP: 6/15
    26 | D        | Found Paonkem's Magic Scroll Emporium.
    26 | D        | Found Lusostruleaz's Jewellery Shoppe.
    26 | D        | Found Puulaula's Distillery.
    26 | D        | Found Ogobroer's Jewellery Shoppe.
    26 | D        | Found Qogg's Book Shoppe.
    26 | D        | Found Eboogg's Antique Armour Emporium.
    27 | D        | Found Beottool's Antique Armour Shoppe.
    27 | D        | Found Gehonk's Antique Weapon Shoppe.
    27 | D        | Found Laotti's Antique Armour Shoppe.
    27 | D        | Found Alaufymm's Distillery.
    28 | D        | Found Wagru's Book Shoppe.
    28 | D        | Found Kuseh Gep's Jewellery Emporium.
    28 | D        | Noticed a black bear
    29 | D        | Found Raur's Assorted Antiques.
    29 | D        | Found Teruathe's Distillery.
    29 | D        | Noticed a black bear
    30 | D        | Noticed a water moccasin
    30 | D        | Noticed a black bear
    30 | D        | Noticed an oklob plant
    33 | D        | Killed a water moccasin
    33 | D        | Noticed an iron elemental
    34 | D        | Found Vubeucr Golo's Book Shoppe.
    39 | D        | Learned a level 2 spell: Scorch
    43 | D        | Learned a level 3 spell: Inner Flame
    48 | D        | Learned a level 4 spell: Flame Wave
    51 | D        | Noticed a manticore
    51 | D        | Noticed a manticore
    62 | D        | Bought a potion of lignification for 30 gold pieces
    63 | D        | Bought a dazzling dagger for 196 gold pieces
    63 | D        | Identified the +3 dagger of the Aged Queens {pain, rPois
                  | rCorr Str+3 Dex-3} (You bought it in a shop in the Dungeon)
    70 | D        | Noticed a manticore
    77 | D        | Noticed Menkaure
    84 | D        | Noticed a water moccasin
    86 | D        | Killed Menkaure
    87 | D        | Reached skill level 8 in Conjurations
    87 | D        | Reached XP level 7. HP: 40/41 MP: 10/18
   103 | D        | Found a stormy altar of Qazlal.
   103 | D        | Found an ornate altar of the Wu Jian Council.
   103 | D        | Found a glowing golden altar of the Shining One.
   104 | D        | Found a hazy altar of Hepliaklqana.
   104 | D        | Found a sacrificial altar of Ru.
   104 | D        | Found a shimmering altar of Xom.
   105 | D        | Found a viscous altar of Jiyva.
   105 | D        | Found a shimmering blue altar of Sif Muna.
   105 | D        | Found a basalt altar of Yredelemnul.
   106 | D        | Found a snail-covered altar of Cheibriados.
   106 | D        | Found an ancient bone altar of Kikubaaqudgha.
   106 | D        | Found a bloodstained altar of Trog.
   107 | D        | Found a shadowy altar of Dithmenos.
   107 | D        | Found a corrupted altar of Lugonu.
   108 | D        | Found a white marble altar of Elyvilon.
   108 | D        | Found a burning altar of Makhleb.
   109 | D        | Found a blossoming altar of Fedhas.
   110 | D        | Found an opulent altar of Gozag.
   113 | D        | Found a hide-covered altar of Uskayaw.
   113 | D        | Found a sparkling altar of Nemelex Xobeh.
   114 | D        | Found a glowing silver altar of Zin.
   114 | D        | Found a radiant altar of Vehumet.
   114 | D        | Found an iron altar of Okawaru.
   120 | D        | Became a worshipper of Sif Muna the Loreminder
   157 | D        | Noticed a yaktaur
   157 | D        | Noticed a hornet
   157 | D        | Noticed a polar bear
   157 | D        | Noticed a polar bear
   158 | D        | Noticed a polar bear
   234 | D        | Killed a hornet
   234 | D        | Killed a yaktaur
   234 | D        | Killed a polar bear
   234 | D        | Reached * piety under Sif Muna
   235 | D        | Reached skill level 10 in Spellcasting
   235 | D        | Reached skill level 10 in Conjurations
   235 | D        | Reached XP level 8. HP: 37/46 MP: 9/22
   237 | D        | Killed a polar bear
   238 | D        | Reached skill level 11 in Conjurations
   238 | D        | Killed a polar bear
   385 | D        | Noticed a death drake
   386 | D        | Noticed a death drake
   387 | D        | Reached ** piety under Sif Muna
   388 | D        | Reached skill level 1 in Invocations
   388 | D        | Reached XP level 9. HP: 51/51 MP: 12/23
   396 | D        | Killed from afar by a death drake

Illustrated notes

Levels and vault maps discovered:
D:        the_violet_keep_of_menkaure [sprint2_stairs_cluster_1,
          sprint2_shoproom, sprint2_temple, sprint2_basic_supplies,
          sprint2_obstacle_7, sprint2_obstacle_4, sprint2_obstacle_1,
          sprint2_obstacle_2, sprint2_obstacle_5, sprint2_timed_cluster_1,
          sprint2_smallroom_cluster_1, sprint2_smallroom_final_cluster_1,
          sprint2_transparent_cluster_1, sprint2_second_timed_cluster_1,
          sprint2_sniper_area_1, sprint2_heavy_combat_area_1,
          sprint2_mutation_trap_area_1, sprint2_forest_area_1,
          sprint2_light_combat_area_1, sprint2_behind_water_1,
          sprint2_near_end_vault_1]

Skill      XL: |  1  2  3  4  5  6  7  8 |
---------------+-------------------------+-----
Dodging        | 3 4 5 6 7 8 |  8.1
Spellcasting   | 4 5 6 8 10 | 10.8
Conjurations   | 4 5 7 8 10 11 | 11.5
Fire Magic     | 4 5 6 7 8 |  8.5
Invocations    | 1 |  1.0
Stealth        | |  2.6
Hexes          | |  0.9

Action                     |  1- 3 |  4- 6 |  7- 9 || total
---------------------------+-------+-------+-------++-------
  Melee: Unarmed           |     3 |    14 |       ||    17
         Tentacles         |     1 |     5 |       ||     6
         Constrict         |     1 |     3 |       ||     4
   Cast: Foxfire           |       |     5 |     4 ||     9
         Inner Flame       |       |       |     8 ||     8
         Scorch            |       |       |     4 ||     4
         Flame Wave        |       |       |     3 ||     3
    Use: Potion            |     2 |       |     4 ||     6
 Armour: Skin              |       |     5 |    66 ||    71
  Dodge: Dodged            |     1 |     3 |    16 ||    20

Table legend: (Time is in decaauts)
 A = Elapsed time spent in this place.
 B = Non-inter-level travel time spent in this place.
 C = Inter-level travel time spent in this place.
 D = Time resting spent in this place.
 E = Time spent auto-exploring this place.
 F = Levels seen in this place.
 G = Mean time per level.
                   A        B        C        D        E       F      G
               +--------+--------+--------+--------+--------+-----+--------+
         Total |    389 |    389 |      0 |    209 |      0 |   1 |  389.0 |
       Dungeon |    389 |    389 |      0 |    209 |      0 |   1 |  389.0 |
               +--------+--------+--------+--------+--------+-----+--------+

Top non-repeatable levels by time:
       D: 389 daAuts
